General information
- name: BNet
- type: Ladder team game (AT/RT)
- host: Battle.net
- saver: RedGhettoMedia
map: Mur'gulOasis
- players: 8
- length: 25:11
- speed: Fast
- version: 1.26 W3XP
- replay type: Public
» download(162 KB)
Players
team 1 (loser)
SpanishPower01 (
teal | 24 APM | 593 actions | 24:59)
3 Archmage
2 Summon Water Elemental
1 Brilliance Aura
» actions
| Build / train | 76 | |
| Enter build submenu | 25 | |
| Enter hero's abilities submenu | 3 | |
| Right click | 259 | |
| Select / deselect | 190 | |
| Use ability | 40 | |
593 total
» units
| Peasant | 11 | |
| Footman | 37 | |
| Knight | 11 | |
| Rifleman | 6 | |
65 total
» upgrades
» buildings
| Barracks | 3 | |
| Altar of Kings | 1 | |
| Farm | 16 | |
| Arcane Vault | 1 | |
| Keep | 1 | |
| Castle | 1 | |
| Blacksmith | 1 | |
| Lumber Mill | 1 | |
25 total
» build order
00:44 Barracks
00:52 Altar of Kings
01:03 Barracks
01:40 Farm
02:13 Farm
02:29 Farm
02:40 Farm
02:49 Farm
04:12 Farm
06:48 Arcane Vault
07:53 Farm
07:56 Farm
08:01 Farm
10:11 Barracks
10:28 Keep
10:33 Farm
10:37 Farm
10:47 Farm
11:28 Farm
12:20 Farm
12:25 Farm
13:55 Castle
14:20 Farm
15:01 Blacksmith
15:14 Lumber Mill
» items
| Scroll of Regeneration | 3 | |
| Scroll of Town Portal | 1 | |
4 total
RedGhettoMedia (
orange | 46 APM | 1167 actions | 25:11)
3 Crypt Lord
2 Impale
1 Spiked Carapace
3 Firelord
2 Summon Lava Spawn
1 Soul Burn
2 Death Knight
1 Death Coil
1 Unholy Aura
» actions
| Assign group hotkey | 22 | |
| Basic commands | 33 | |
| Build / train | 47 | |
| Enter build submenu | 16 | |
| Enter hero's abilities submenu | 8 | |
| Right click | 342 | |
| Select / deselect | 369 | |
| Select group hotkey | 267 | |
| Use ability | 63 | |
1167 total
» units
| Acolyte | 2 | |
| Ghoul | 3 | |
| Abomination | 8 | |
13 total
» upgrades
| Unholy Strength | 3 | |
| Unholy Armor | 3 | |
| Disease Cloud | 1 | |
| Cannibalize | 1 | |
8 total
» buildings
| Graveyard | 1 | |
| Crypt | 1 | |
| Altar of Darkness | 1 | |
| Ziggurat | 4 | |
| Tomb of Relics | 1 | |
| Halls of the Dead | 1 | |
| Slaughterhouse | 4 | |
| Nerubian Tower | 2 | |
| Spirit Tower | 1 | |
| Black Citadel | 1 | |
17 total
» build order
00:20 Graveyard
00:36 Crypt
01:09 Altar of Darkness
01:15 Ziggurat
01:53 Ziggurat
02:07 Tomb of Relics
03:01 Halls of the Dead
04:48 Ziggurat
04:49 Ziggurat
05:26 Slaughterhouse
05:27 Slaughterhouse
05:32 Slaughterhouse
05:34 Slaughterhouse
05:51 Nerubian Tower
05:56 Nerubian Tower
05:58 Spirit Tower
06:49 Black Citadel
» items
| Rod of Necromancy | 1 | |
| Dust of Appearance | 1 | |
| Potion of Healing | 4 | |
| Orb of Corruption | 2 | |
| Scroll of Town Portal | 2 | |
10 total
unknown_noob (
blue | 54 APM | 1350 actions | 25:11)
3 Death Knight
2 Death Coil
1 Unholy Aura
2 Lich
1 Frost Nova
1 Frost Armor
1 Dark Ranger
1 Black Arrow
» actions
| Assign group hotkey | 14 | |
| Basic commands | 2 | |
| Build / train | 36 | |
| Enter build submenu | 14 | |
| Enter hero's abilities submenu | 6 | |
| Give item / drop item | 3 | |
| Right click | 572 | |
| Select / deselect | 161 | |
| Select group hotkey | 501 | |
| Use ability | 41 | |
1350 total
» units
| Acolyte | 3 | |
| Ghoul | 4 | |
| Crypt Fiend | 5 | |
| Frost Wyrm | 2 | |
14 total
» upgrades
| Web | 1 | |
| Creature Carapace | 1 | |
| Creature Attack | 1 | |
3 total
» buildings
| Crypt | 1 | |
| Graveyard | 1 | |
| Altar of Darkness | 2 | |
| Ziggurat | 6 | |
| Tomb of Relics | 1 | |
| Nerubian Tower | 1 | |
| Halls of the Dead | 1 | |
| Black Citadel | 1 | |
| Sacrificial Pit | 1 | |
| Spirit Tower | 2 | |
| Boneyard | 2 | |
| Slaughterhouse | 1 | |
20 total
» build order
00:22 Crypt
00:28 Graveyard
00:56 Altar of Darkness
01:01 Ziggurat
01:40 Tomb of Relics
01:56 Nerubian Tower
02:36 Ziggurat
03:57 Halls of the Dead
04:21 Ziggurat
06:53 Black Citadel
07:59 Ziggurat
08:14 Sacrificial Pit
08:47 Spirit Tower
10:07 Boneyard
10:10 Boneyard
10:37 Ziggurat
13:08 Ziggurat
13:44 Spirit Tower
14:20 Slaughterhouse
15:31 Altar of Darkness
» items
| Rod of Necromancy | 2 | |
| Scroll of Town Portal | 2 | |
| Orb of Corruption | 1 | |
5 total

»
CYANlDE (
red | 27 APM | 594 actions | 21:56)
3 Blademaster
1 Wind Walk
2 Critical Strike
2 Shadow Hunter
1 Healing Wave
1 Hex
» actions
| Assign group hotkey | 9 | |
| Build / train | 50 | |
| Enter build submenu | 22 | |
| Enter hero's abilities submenu | 5 | |
| Right click | 195 | |
| Select / deselect | 133 | |
| Select group hotkey | 119 | |
| Use ability | 61 | |
594 total
» units
» upgrades
| Spiked Barricades | 1 | |
| Ranged Weapons | 2 | |
| Armor | 1 | |
| Shaman Training | 2 | |
| Envenomed Spears | 1 | |
7 total
» buildings
| Altar of Storms | 1 | |
| Orc Burrow | 9 | |
| Voodoo Lounge | 1 | |
| War Mill | 1 | |
| Stronghold | 1 | |
| Fortress | 1 | |
| Spirit Lodge | 1 | |
| Beastiary | 3 | |
| Great Hall | 1 | |
| Watch Tower | 4 | |
23 total
» build order
00:41 Altar of Storms
00:43 Orc Burrow
01:11 Voodoo Lounge
01:55 War Mill
03:07 Stronghold
03:15 Orc Burrow
06:10 Fortress
06:12 Orc Burrow
06:14 Spirit Lodge
06:17 Beastiary
07:10 Beastiary
07:14 Beastiary
07:20 Orc Burrow
10:01 Orc Burrow
10:06 Orc Burrow
12:31 Orc Burrow
14:40 Great Hall
15:50 Orc Burrow
15:59 Orc Burrow
16:57 Watch Tower
17:05 Watch Tower
19:58 Watch Tower
20:01 Watch Tower
» items
| Healing Salve | 1 | |
| Lesser Clarity Potion | 2 | |
| Potion of Healing | 4 | |
| Orb of Lightning | 3 | |
| Periapt of Vitality | 1 | |
| Scroll of Town Portal | 1 | |
12 total
team 2 (winner)

»
Mike_DAntoni (
green | 162 APM | 4078 actions | 25:11)
7 Far Seer
3 Feral Spirit
3 Chain Lighting
1 Earth Quake
8 Archmage
3 Summon Water Elemental
3 Brilliance Aura
1 Mass Teleport
1 Blizzard
6 Priestess of the Moon
1 Searing Arrows
2 Trueshot Aura
2 Scout
1 Starfall
» actions
| Assign group hotkey | 114 | |
| Basic commands | 415 | |
| Build / train | 195 | |
| ESC pressed | 1 | |
| Enter build submenu | 86 | |
| Enter hero's abilities submenu | 23 | |
| Right click | 1206 | |
| Select / deselect | 976 | |
| Select group hotkey | 800 | |
| Use ability | 261 | |
4078 total
» units
| Peasant | 20 | |
| Peon | 15 | |
| Footman | 8 | |
| Grunt | 5 | |
| Wisp | 10 | |
| Dryad | 17 | |
| Shaman | 5 | |
| Gryphon Rider | 12 | |
| Troll Witch Doctor | 3 | |
| Spirit Walker | 4 | |
| Troll Batrider | 2 | |
101 total
» upgrades
| Masonry | 3 | |
| Shaman Training | 2 | |
| Witch Doctor Training | 2 | |
| Spirit Walker Training | 2 | |
| Abolish Magic | 1 | |
| Swords | 2 | |
| Armor | 3 | |
| Lumber Harvesting | 2 | |
| Reinforced Defenses | 1 | |
| Strength of the Wild | 2 | |
| Reinforced Hides | 2 | |
| Animal War Training | 1 | |
| Melee Weapons | 1 | |
| Gunpowder | 1 | |
| Plating | 1 | |
| Nature's Blessing | 1 | |
| Storm Hammers | 1 | |
| Cloud | 1 | |
| Druid of the Claw Training | 1 | |
30 total
» buildings
| Altar of Storms | 1 | |
| Orc Burrow | 9 | |
| Farm | 16 | |
| Barracks | 2 | |
| Altar of Kings | 1 | |
| War Mill | 1 | |
| Lumber Mill | 1 | |
| Voodoo Lounge | 1 | |
| Scout Tower | 36 | |
| Arcane Tower | 3 | |
| Keep | 1 | |
| Stronghold | 1 | |
| Guard Tower | 20 | |
| Ancient of Lore | 5 | |
| Gryphon Aviary | 6 | |
| Moon Well | 10 | |
| Spirit Lodge | 3 | |
| Fortress | 1 | |
| Castle | 1 | |
| Blacksmith | 1 | |
| Arcane Vault | 1 | |
| Ancient Protector | 5 | |
| Beastiary | 3 | |
| Town Hall | 2 | |
| Tree of Eternity | 1 | |
132 total
» build order
00:19 Altar of Storms
00:25 Orc Burrow
00:36 Farm
00:49 Barracks
00:53 Farm
01:04 Altar of Kings
01:14 War Mill
01:18 Lumber Mill
01:33 Voodoo Lounge
01:58 Orc Burrow
02:07 Farm
02:16 Farm
02:40 Barracks
02:57 Scout Tower
03:02 Farm
03:20 Orc Burrow
03:28 Arcane Tower
04:21 Keep
04:25 Stronghold
05:05 Scout Tower
05:06 Scout Tower
05:06 Scout Tower
05:26 Scout Tower
05:27 Scout Tower
05:46 Guard Tower
06:22 Ancient of Lore
06:23 Arcane Tower
06:24 Guard Tower
06:47 Gryphon Aviary
06:47 Gryphon Aviary
06:47 Gryphon Aviary
06:52 Ancient of Lore
07:02 Moon Well
07:03 Moon Well
07:04 Moon Well
07:06 Moon Well
07:19 Spirit Lodge
07:19 Spirit Lodge
07:19 Spirit Lodge
07:27 Arcane Tower
08:02 Orc Burrow
08:03 Orc Burrow
08:03 Fortress
08:17 Castle
08:19 Blacksmith
09:08 Arcane Vault
11:35 Farm
11:37 Farm
13:01 Ancient Protector
13:02 Ancient Protector
13:02 Ancient Protector
13:03 Ancient Protector
13:04 Ancient Protector
13:13 Farm
13:14 Farm
13:35 Farm
13:38 Farm
13:54 Orc Burrow
13:55 Orc Burrow
13:57 Beastiary
13:57 Beastiary
13:58 Beastiary
14:50 Town Hall
15:31 Farm
15:52 Scout Tower
15:53 Scout Tower
15:54 Scout Tower
15:55 Scout Tower
15:55 Scout Tower
15:55 Scout Tower
16:08 Ancient of Lore
16:08 Ancient of Lore
16:48 Guard Tower
16:48 Guard Tower
16:54 Scout Tower
16:55 Scout Tower
16:55 Scout Tower
16:59 Farm
17:25 Guard Tower
17:25 Guard Tower
17:38 Guard Tower
17:48 Guard Tower
17:49 Guard Tower
18:01 Scout Tower
18:02 Scout Tower
18:02 Scout Tower
18:47 Tree of Eternity
19:33 Gryphon Aviary
19:34 Gryphon Aviary
19:34 Gryphon Aviary
20:23 Moon Well
20:25 Moon Well
20:25 Moon Well
20:26 Moon Well
20:27 Moon Well
21:47 Orc Burrow
21:47 Orc Burrow
22:35 Guard Tower
22:35 Guard Tower
22:48 Scout Tower
22:48 Scout Tower
22:49 Scout Tower
22:49 Scout Tower
22:50 Scout Tower
22:50 Scout Tower
23:13 Scout Tower
23:14 Scout Tower
23:14 Scout Tower
23:15 Scout Tower
23:16 Scout Tower
23:17 Scout Tower
23:17 Scout Tower
23:18 Guard Tower
23:48 Guard Tower
23:48 Guard Tower
23:48 Guard Tower
23:50 Scout Tower
23:51 Scout Tower
24:00 Scout Tower
24:02 Scout Tower
24:02 Scout Tower
24:14 Guard Tower
24:14 Guard Tower
24:31 Guard Tower
24:37 Farm
24:37 Farm
24:38 Farm
25:10 Town Hall
» items
| Healing Salve | 1 | |
| Lesser Clarity Potion | 4 | |
5 total

»
JaneysGotAGun (
purple | 56 APM | 1417 actions | 25:11)
8 Archmage
3 Blizzard
3 Brilliance Aura
1 Mass Teleport
1 Summon Water Elemental
» actions
| Assign group hotkey | 209 | |
| Basic commands | 136 | |
| Build / train | 68 | |
| Enter build submenu | 30 | |
| Enter hero's abilities submenu | 8 | |
| Give item / drop item | 1 | |
| Remove unit from queue | 8 | |
| Right click | 373 | |
| Select / deselect | 175 | |
| Select group hotkey | 228 | |
| Use ability | 181 | |
1417 total
» units
| Peasant | 10 | |
| Footman | 8 | |
| Sorceress | 10 | |
28 total
» upgrades
| Sorceress Training | 2 | |
| Masonry | 1 | |
| Magic Sentry | 1 | |
4 total
» buildings
| Altar of Kings | 1 | |
| Farm | 14 | |
| Barracks | 2 | |
| Scout Tower | 10 | |
| Arcane Tower | 5 | |
| Arcane Vault | 1 | |
| Keep | 1 | |
| Castle | 1 | |
| Blacksmith | 1 | |
| Arcane Sanctum | 3 | |
| Lumber Mill | 1 | |
| Town Hall | 1 | |
| Guard Tower | 1 | |
42 total
» build order
00:25 Altar of Kings
00:36 Farm
00:51 Barracks
01:05 Scout Tower
01:35 Farm
02:11 Arcane Tower
02:23 Barracks
02:41 Farm
02:45 Farm
03:05 Arcane Vault
03:34 Farm
04:26 Keep
04:32 Scout Tower
05:29 Arcane Tower
06:58 Scout Tower
08:00 Castle
08:03 Farm
08:07 Scout Tower
08:10 Arcane Tower
08:36 Blacksmith
09:03 Arcane Tower
09:04 Arcane Tower
09:06 Arcane Sanctum
09:08 Arcane Sanctum
10:00 Arcane Sanctum
10:04 Lumber Mill
11:54 Farm
17:09 Farm
17:10 Farm
17:10 Farm
17:11 Farm
17:11 Farm
23:12 Town Hall
23:13 Scout Tower
23:14 Scout Tower
23:14 Scout Tower
23:15 Scout Tower
23:16 Scout Tower
23:19 Scout Tower
24:22 Guard Tower
» items
| Scroll of Regeneration | 2 | |
| Lesser Clarity Potion | 2 | |
| Potion of Healing | 1 | |
| Ivory Tower | 2 | |
| Scroll of Town Portal | 1 | |
| Orb of Fire | 1 | |
9 total

»
backstabtastic (
pink | 15 APM | 73 actions | 04:44)
1 Priestess of the Moon
1 Trueshot Aura
» actions
| Basic commands | 1 | |
| Build / train | 14 | |
| Enter build submenu | 7 | |
| Enter hero's abilities submenu | 1 | |
| Right click | 17 | |
| Select / deselect | 28 | |
| Use ability | 5 | |
73 total
» units
» upgrades
| Strength of the Wild | 1 | |
| Reinforced Hides | 1 | |
2 total
» buildings
| Moon Well | 3 | |
| Altar of Elders | 1 | |
| Tree of Ages | 1 | |
| Hunter's Hall | 1 | |
6 total
» build order
00:26 Moon Well
00:38 Altar of Elders
02:17 Tree of Ages
02:23 Hunter's Hall
02:55 Moon Well
03:54 Moon Well
Chat log
(00:04 / All) Mike_DAntoni: lol
(00:07 / All) JaneysGotAGun: played with red before
(00:08 / All) RedGhettoMedia: fuck
(00:10 / All) unknown_noob: 2v2
(00:13 / All) JaneysGotAGun: cant remember if he was a faggot or not
(00:17 / All) unknown_noob: but i dont want pies :(
(00:24 / All) RedGhettoMedia: lol
(00:28 / All) Mike_DAntoni: aueuaheuha XD
(00:30 / All) CYANlDE: I was thinking the same about you purp.
(00:33 / All) RedGhettoMedia: too many memories of me being horrible at sc2?
(00:36 / All) CYANlDE: not sure of you are a cocksucker or not
(00:40 / All) JaneysGotAGun: uh purp
(00:44 / All) JaneysGotAGun: i only just made this smurf
(00:45 / Allies) unknown_noob: too many of you sucking here
(00:47 / All) JaneysGotAGun: how would you know me o.O
(00:48 / Allies) unknown_noob: lol
(00:54 / All) RedGhettoMedia: You're purple
(00:57 / All) CYANlDE: LOL!
(00:58 / All) JaneysGotAGun: oh right
(00:59 / All) CYANlDE: OMFG
(01:01 / All) CYANlDE: retard
(01:17 / All) unknown_noob: so should we stab and make a 2v2?
(01:17 / All) JaneysGotAGun: Im a retard for not knowing whether you're a faggot or not?
(01:24 / All) JaneysGotAGun: 2v2 is for noobs
(01:26 / All) Mike_DAntoni: im playing for real lol
(01:29 / All) CYANlDE: you're a retard because you are a dumbass.
(01:35 / All) RedGhettoMedia: that's dumb ghetto i'm playing for funn!!
(01:36 / All) CYANlDE: lol green
(01:40 / All) JaneysGotAGun: that makes sense
(01:46 / All) CYANlDE: I know :)
(01:47 / All) JaneysGotAGun: so boyws
(01:51 / All) JaneysGotAGun: im thinking of making a video for youtube
(01:52 / All) unknown_noob: o i c only play for real against me
(02:06 / All) JaneysGotAGun: about a game of angry birds involving a troll being flung into "bricks" of forum posts
(02:09 / All) JaneysGotAGun: titled "Angry Words"
(02:14 / All) JaneysGotAGun: what do you think?
(02:30 / All) unknown_noob: me and ghetto gonna start a pro league for angry birds
(02:33 / All) RedGhettoMedia: a wow troll? a war3 troll? a war2 troll?
(02:37 / All) RedGhettoMedia: an oblivion troll?
(02:44 / All) CYANlDE: Skyrim troll.
(02:49 / All) JaneysGotAGun: A forum troll
(02:52 / All) JaneysGotAGun: not specific to a game
(02:55 / All) RedGhettoMedia: a peon avatar?
(02:59 / All) RedGhettoMedia: a kachinsky avatar?
(03:03 / All) CYANlDE: The Elder Scrolls Troll.
(03:23 / All) CYANlDE: hi green.
(03:25 / All) CYANlDE: how are you.
(03:27 / All) Mike_DAntoni: stfu obama
(03:35 / All) CYANlDE: Oj you hit a nerve.
(03:44 / All) RedGhettoMedia: how?
(03:50 / All) CYANlDE: he seems bitter
(03:58 / All) RedGhettoMedia: who, purp?
(04:04 / Allies) CYANlDE: him adn green
(04:20 / All) RedGhettoMedia: greens just mad because his gaming blog gets less traffic than IGn
(04:25 / All) Mike_DAntoni: this
(04:28 / All) JaneysGotAGun: BUUUUUUUUUUUUURN
(04:37 / All) RedGhettoMedia: that's what my bro said, i can't take credit for said burn.
(04:52 / All) Mike_DAntoni: he hard teched
(04:53 / All) Mike_DAntoni: lol
(04:58 / All) CYANlDE: Purp left to make his gay toutube vids
(04:58 / All) JaneysGotAGun: lol at that guys name
(05:00 / All) RedGhettoMedia: lol
(05:05 / All) CYANlDE: Yea
(05:08 / All) JaneysGotAGun: I left?
(05:10 / All) unknown_noob: tech outside is pro
(05:10 / All) CYANlDE: did he bs?
(05:29 / All) CYANlDE: was he human, called to arms and tp
(05:42 / All) CYANlDE: nm
(05:46 / All) CYANlDE: teal is owning his ass
(06:55 / Allies) CYANlDE: nice oj
(07:30 / Allies) CYANlDE: hero
(07:35 / Allies) RedGhettoMedia: i'm out
(07:50 / Allies) RedGhettoMedia: well
(07:52 / Allies) RedGhettoMedia: i should have been
(07:56 / Allies) RedGhettoMedia: got too greedy there
(08:06 / Allies) CYANlDE: ?
(08:07 / All) Mike_DAntoni: lol red is so bad
(08:09 / All) Mike_DAntoni: his macro
(08:10 / All) Mike_DAntoni: so bad
(08:11 / All) Mike_DAntoni: only one hero
(08:12 / All) Mike_DAntoni: no units
(08:13 / All) Mike_DAntoni: LOL
(08:20 / All) RedGhettoMedia: technically
(08:23 / All) CYANlDE: Who lost his hero, noob?
(08:24 / All) RedGhettoMedia: he has TWO heroes and no units
(08:32 / All) Mike_DAntoni: red
(08:33 / All) Mike_DAntoni: teacher is talking
(08:34 / All) Mike_DAntoni: stfu
(08:37 / All) RedGhettoMedia: so do i actually
(08:39 / All) RedGhettoMedia: so i shouldn't really talk
(08:41 / All) CYANlDE: green, cry more stfu
(08:50 / All) Mike_DAntoni: red, i've played some bad players
(08:52 / All) CYANlDE: lose your hero mose ok fag?
(08:53 / All) Mike_DAntoni: but you're one of the worst
(08:54 / All) Mike_DAntoni: no doubt
(09:02 / All) CYANlDE: mad because you lost your hero still rofl
(09:25 / All) CYANlDE: get over it, I know you suck, but to continue on about it because you are a noob doesnt justify how bad you fuckin blow.
(09:33 / All) RedGhettoMedia: i call obs
(09:37 / All) Mike_DAntoni: ditto
(09:38 / All) CYANlDE: now just sit ther,e learn how to keep your hero alive, stfu and grow some balls you cocksucking cunt.
(09:47 / All) CYANlDE: thanks faggot.
(10:08 / All) Mike_DAntoni: we should play 1v1 after this
(10:11 / All) Mike_DAntoni: i like beating handicapped kids
(10:12 / All) CYANlDE: Amen.
(10:15 / All) CYANlDE: Same here
(10:19 / All) JaneysGotAGun: i call obs
(10:23 / All) RedGhettoMedia: yeah same
(10:26 / All) CYANlDE: Expecially kids like you green with brain cancer :)
(10:37 / All) RedGhettoMedia: now that was uncalled for
(10:39 / All) Mike_DAntoni: my brain tumor has more skill than you
(10:42 / All) RedGhettoMedia: cancer is no laughing matter
(10:54 / All) CYANlDE: Just a fact :)
(11:06 / All) JaneysGotAGun: I loved how you focussed my hero only to have me greater healing pot, btw
(11:10 / All) RedGhettoMedia: yeah
(11:13 / All) RedGhettoMedia: wasn't pleased with that
(11:14 / All) RedGhettoMedia: lol
(11:15 / All) Mike_DAntoni: lol red is fucking horrible
(11:18 / All) Mike_DAntoni: he needs to get over it
(11:19 / All) RedGhettoMedia: Shoulda looked at your inventory
(11:22 / All) RedGhettoMedia: oh well
(11:36 / All) CYANlDE: green is so bad, he cant shit up about me killing his hero :)
(11:53 / All) Mike_DAntoni: um red all i'm saying is that you got herpes from a dog
(11:54 / All) Mike_DAntoni: ok
(11:55 / All) CYANlDE: I thought by now he was over it, but that piece of shit is so enraged. I love it :)
(12:07 / All) CYANlDE: I dindt fuck your momma, green
(12:14 / All) Mike_DAntoni: lol,
(12:16 / All) CYANlDE: So I didnt catch your herpes :)
(12:17 / All) CYANlDE: :D
(12:22 / All) Mike_DAntoni: worst player on the server
(12:23 / All) Mike_DAntoni: talking shit
(12:24 / All) Mike_DAntoni: awesome
(12:27 / All) Mike_DAntoni: why red
(12:31 / All) RedGhettoMedia: i've seen worse
(12:34 / All) CYANlDE: :D
(12:36 / All) RedGhettoMedia: i think deathknight420 was worse
(12:40 / All) RedGhettoMedia: remember him guys?
(12:48 / All) Mike_DAntoni: yes lol
(12:48 / All) RedGhettoMedia: at least teelo does
(12:52 / All) RedGhettoMedia: yeah
(13:10 / All) CYANlDE: Green sends in 3 armies to defend his hero
(13:13 / All) CYANlDE: And still fails
(13:16 / All) CYANlDE: Soo bad
(13:38 / Allies) RedGhettoMedia: didn't know you guys were attacking
(13:39 / Allies) RedGhettoMedia: woulda gone too
(13:46 / Allies) CYANlDE: same here
(14:09 / Allies) RedGhettoMedia: woops
(14:10 / Allies) CYANlDE: im ok oj
(14:12 / Allies) CYANlDE: im fine
(14:14 / Allies) CYANlDE: wtf
(14:40 / All) RedGhettoMedia: Look
(14:43 / All) RedGhettoMedia: I know that's your critter
(14:44 / All) RedGhettoMedia: can you please
(14:52 / All) RedGhettoMedia: just get it in range of my towers?
(15:08 / All) unknown_noob: chickenshit faggot
(15:27 / All) Mike_DAntoni: red
(15:27 / Allies) CYANlDE: b
(15:28 / All) Mike_DAntoni: why so angry
(15:35 / All) CYANlDE: green, why su gay?
(15:38 / All) CYANlDE: so*
(15:42 / All) RedGhettoMedia: yeah this is troubleosme
(15:45 / All) Mike_DAntoni: because fucking inferior humans
(15:48 / All) Mike_DAntoni: is fun
(15:50 / All) Mike_DAntoni: no matter the sex
(15:53 / All) RedGhettoMedia: i thought the term
(15:54 / All) RedGhettoMedia: was subhuman
(16:01 / All) Mike_DAntoni: nah red is a subfag0t
(16:20 / All) CYANlDE: green fucks his dad adn dates him but says hes straight.
(16:25 / All) Mike_DAntoni: btw when i bear down on jedi's base
(16:27 / All) unknown_noob: wow i got the noobs
(16:28 / All) Mike_DAntoni: you guys are supposed to defend
(16:29 / All) CYANlDE: gay farms rofl
(16:36 / All) Mike_DAntoni: yeah teal thinks farms spread blight
(16:36 / All) RedGhettoMedia: i tried to
(16:37 / All) RedGhettoMedia: really
(16:51 / All) CYANlDE: your momma's legs spreads blight
(16:56 / All) Mike_DAntoni: rofl
(16:57 / All) Mike_DAntoni: nice
(17:05 / All) RedGhettoMedia: he got you good ghetto
(17:10 / All) Mike_DAntoni: i like that one
(17:16 / All) unknown_noob: that was rather funny
(17:18 / All) CYANlDE: thanks green
(17:28 / All) CYANlDE: as gay as you are, you arent so faggy all the time
(17:36 / All) RedGhettoMedia: i mean honeslty
(17:40 / All) RedGhettoMedia: red isn't even bad compared to teal
(17:49 / All) RedGhettoMedia: who has made nothing but unupgraded footmen all game
(17:56 / All) unknown_noob: dont let the fagmaster fool you
(18:18 / All) RedGhettoMedia: yeah
(18:21 / All) unknown_noob: so who is soloing who
(18:23 / All) RedGhettoMedia: i probably shouldn't have tried to make aboms
(18:25 / All) RedGhettoMedia: vs this kinda force
(18:31 / All) Mike_DAntoni: possibly
(18:34 / All) Mike_DAntoni: yeah red
(18:35 / All) Mike_DAntoni: you vs. teal
(18:37 / All) Mike_DAntoni: imo
(18:53 / Allies) CYANlDE: teal the fagmaster, blue?
(18:53 / All) unknown_noob: why me? you challanged
(18:53 / Allies) CYANlDE: lol
(18:56 / Allies) CYANlDE: rude
(18:59 / All) Mike_DAntoni: youre not teal
(19:00 / All) Mike_DAntoni: lol
(19:03 / Allies) CYANlDE: lol
(19:06 / All) unknown_noob: oh
(19:07 / All) RedGhettoMedia: i thought it was green vs red after this?
(19:10 / All) Mike_DAntoni: yes
(19:13 / All) Mike_DAntoni: play me dirt
(19:36 / All) RedGhettoMedia: and I think that's game
(19:43 / All) Mike_DAntoni: possibly
(19:44 / Allies) CYANlDE: repair
(19:47 / All) RedGhettoMedia: I leave my assets to red
(19:48 / All) unknown_noob: it was game long ago
(19:51 / All) RedGhettoMedia: true
(19:51 / All) JaneysGotAGun: mass polymorph heh
(20:01 / All) JaneysGotAGun: HEY RED
(20:03 / All) JaneysGotAGun: WHAT DO YOU THINK OF ME NOW
(20:07 / All) Mike_DAntoni: i think red is afk
(20:20 / All) RedGhettoMedia: holy shit
(20:24 / All) RedGhettoMedia: teal started making knights
(20:26 / All) RedGhettoMedia: I mean
(20:28 / All) RedGhettoMedia: It's not going to help
(20:31 / All) RedGhettoMedia: but i'm still surprised
(20:35 / All) Mike_DAntoni: 18-minute knight timing push
(20:46 / All) unknown_noob: dude that better than tod
(21:05 / All) RedGhettoMedia: and suddenle managed to spend all his resources too
(21:13 / All) RedGhettoMedia: I bet those two rax have seven knights queued each
(21:38 / All) RedGhettoMedia: Maybe not. I don't know
(21:53 / All) RedGhettoMedia: Yeah. I whine about my allies. What are you going to do about it?
(21:54 / All) CYANlDE: not bad for 3v1 lol!!!!!!!
(21:59 / All) RedGhettoMedia: hahahaha
(22:02 / All) Mike_DAntoni: im playing three bases
(22:02 / All) Mike_DAntoni: you fuck
(22:05 / All) RedGhettoMedia: lol
(22:06 / All) unknown_noob: yeah 3vjedi
(22:12 / All) Mike_DAntoni: t.t
(22:15 / All) Mike_DAntoni: one more after this?
(22:16 / All) Mike_DAntoni: he aint playing
(22:20 / All) RedGhettoMedia: ok
(22:21 / All) Mike_DAntoni: he already logged
(22:23 / All) RedGhettoMedia: lol
(22:25 / All) JaneysGotAGun: lol i tried whispering red too
(22:27 / All) RedGhettoMedia: as expected
(22:39 / All) Mike_DAntoni: there's a cyanlde
(22:43 / All) Mike_DAntoni: but i don't think that's him
(22:52 / All) RedGhettoMedia: yeah I've definitely played with him before I remember now
(22:59 / All) RedGhettoMedia: he is pretty awful
(23:03 / All) JaneysGotAGun: infact I think he was in one of my wc3 videos
(23:05 / All) RedGhettoMedia: but i'd still say teal was worse
(23:24 / All) RedGhettoMedia: he is making riflemen know though
(23:32 / All) RedGhettoMedia: now*
(23:44 / All) JaneysGotAGun: yay more stuff to poly
(23:54 / All) Mike_DAntoni: rifles counter small game
(23:58 / All) Mike_DAntoni: too bad this isn't a hunting simulator
(24:18 / All) RedGhettoMedia: i don't think he ever revived his hero after it died
(24:25 / All) RedGhettoMedia: i think he just thought it was another dead unit
(24:29 / All) Mike_DAntoni: heroes overrated inmo
(24:33 / All) RedGhettoMedia: oh there it goes
(24:44 / All) RedGhettoMedia: SpanishPower
(24:46 / All) RedGhettoMedia: loool
(24:53 / All) RedGhettoMedia: only just read his name now
(24:59 / All) Mike_DAntoni: tjat
(25:03 / All) Mike_DAntoni: and he's gone
(25:03 / All) Mike_DAntoni: okay
(25:05 / All) unknown_noob: there we go
(25:10 / All) unknown_noob: now leave trash